 Seeded DCSS version 0.30.1-11-g7821555f0a (webtiles) character file.

Game seed: 5 (custom seed)

359 Kazon the Chopper (level 6, -3/48 HPs)
             Began as a Demonspawn Monk on Jan 11, 2024.
             Was a Believer of Okawaru.
             Slain by a black bear (10 damage)
             ... on level 4 of the Dungeon.
             The game lasted 00:13:01 (2776 turns).

Kazon the Chopper (Demonspawn Monk)                 Turns: 2776, Time: 00:13:02

Health: -3/48      AC:  3    Str: 13    XL:     6   Next: 37%
Magic:  8/8        EV:  9    Int: 12    God:    Okawaru [**....]
Gold:   184        SH: 13    Dex: 21    Spells: 8/8 levels left

rFire   . . .        e - +2 dagger (vamp)
rCold   . . .        c - +0 tower shield
rNeg    + + +        b - +0 robe
rPois   .            (helmet restricted)
rElec   .            (no cloak)
rCorr   +            (no gloves)
SInv    .            (no boots)
Will    .....        (no amulet)
Stlth   +++          n - ring of Fatuw {Wiz *Slow rN+++ rCorr Stlth+}
HPRegen 0.28/turn    y - +6 ring of dexterity
MPRegen 0.11/turn

%: slow self (1%), wizardry (x1)
@: no status effects
A: antennae 2, rugged brown scales 1, powered by death 1
a: Renounce Religion, Heroism


You were on level 4 of the Dungeon.
You worshipped Okawaru.
Okawaru was pleased with you.
You visited 2 branches of the dungeon, and saw 5 of its levels.

You collected 184 gold pieces.

Inventory:

Hand Weapons
 a - a +0 hand axe
 e - a +2 vampiric dagger (weapon)
Missiles
 j - 3 boomerangs
 k - 18 stones (quivered)
 l - 5 poisoned darts
Armour
 b - a +0 robe (worn)
 c - a +0 tower shield (worn)
 d - an orb of light
Jewellery
 n - the ring of Fatuw (left hand) {Wiz *Slow rN+++ rCorr Stlth+}
   (You acquired it on level 1 of the Dungeon)

   [ring of wizardry]

   It improves your spell success rate.
   rN:        It renders you almost immune to negative energy.
   rCorr:     It protects you from acid and corrosion.
   *Slow:     It may slow you when you take damage.
   Stlth:     It makes you more stealthy.
 s - a ring of magical power
 y - a +6 ring of dexterity (right hand)
Scrolls
 f - a scroll of fog {unknown}
 o - 2 scrolls of identify {unknown}
 p - a scroll of summoning {unknown}
 q - 2 scrolls of magic mapping {unknown}
 r - a scroll of blinking {unknown}
 t - 2 scrolls of teleportation {unknown}
 w - a scroll of torment {unknown}
 z - a scroll of amnesia {unknown}
Potions
 g - a potion of resistance {unknown}
 h - a potion of ambrosia
 i - 3 potions of curing {unknown}
 m - a potion of magic {unknown}
 u - a potion of flight {unknown}
 v - a potion of invisibility {unknown}
 x - 2 potions of heal wounds {unknown}


   Skills:
 + Level 3.6 Fighting
 + Level 1.1 Short Blades
 + Level 3.7 Axes
 * Level 1.8 Throwing
 + Level 3.6 Dodging
 + Level 1.5 Stealth
 + Level 1.6 Shields
 * Level 1.5 Spellcasting
 * Level 1.8 Invocations


You had 8 spell levels left.
You didn't know any spells.
Your spell library contained the following spells:

 Spells                   Type           Power      Damage    Failure   Level
 Frozen Ramparts          Ice            0%         1d1       99%         3
 Ice Form                 Ice/Tmut       0%         N/A       100%        4
 Summon Ice Beast         Ice/Summ       Unusable   N/A       N/A         4

Dungeon Overview and Level Annotations

Branches:
Dungeon (4/15)             Temple (1/1) D:4

Altars:
Fedhas
Gozag
Hepliaklqana
Okawaru
Qazlal
Trog
Uskayaw
Wu Jian


Innate Abilities, Weirdness & Mutations

You have a pair of antennae on your head.
You are partially covered in rugged brown scales. (AC +1, +3% HP)
You regenerate a little health from kills.


Message History

The black bear is moderately wounded.
You block the black bear's attack. The black bear barely misses you.
The black bear claws you but does no damage.
You closely miss the black bear.
The black bear is moderately wounded.
The black bear bites you.
* * * LOW HITPOINT WARNING * * *
The black bear barely misses you. The black bear claws you.
* * * LOW HITPOINT WARNING * * *
You hit the black bear.
You feel better.
The black bear is moderately wounded.
The black bear bites you but does no damage.
The black bear claws you but does no damage.
The black bear claws you.
* * * LOW HITPOINT WARNING * * *
You block the black bear's attack. x3
You hit the black bear.
You feel better.
The black bear is moderately wounded.
You block the black bear's attack. x3
You hit the black bear.
You feel better.
The black bear is heavily wounded.
The black bear bites you but does no damage.
You block the black bear's attack. The black bear completely misses you.
You block the black bear's attack.
The black bear claws you but does no damage.
The black bear claws you.
* * * LOW HITPOINT WARNING * * *
You hit the black bear.
You feel better.
The black bear is severely wounded.
You block the black bear's attack. The black bear barely misses you.
The black bear closely misses you.
You hit the black bear but do no damage.
The black bear is severely wounded.
The black bear goes berserk!
You barely miss the black bear.
The black bear is severely wounded.
You block the black bear's attack. The black bear barely misses you.
The black bear claws you but does no damage.
The black bear bites you!
You die...

#................##.####.#.
#......###..##...##........
#......#...................
#......###..##.#...)##.#.#.
#......# #.................
#......# #.###.#.##.##.#.#.
#......# #.# #.#.##.##.#.##
#......# #.# #.#.##.##.#..#
...###+####@#
###.##.##.##.#
.........oh## #.##.##.##..
.h....)...o# { ####........
.o.........# #.##.#.#.
##.........# #.......)
#####+##.... #.##.#...
#..... #.##..... #./#.._
##.##.#... #######
#.........


You could see a black bear (berserk) and 2 orcs.

Vanquished Creatures
  Sigmund (D:4)
  A scorpion (D:4)
  5 adders
  An ufetubus (D:4)
  3 worms
  4 orcs
  4 bats
  9 endoplasms
  A giant cockroach (D:1)
  12 goblins
  7 hobgoblins
  11 jackals
  3 kobolds
  2 quokkas (D:4)
  6 ball pythons
  3 frilled lizards
  4 rats
77 creatures vanquished.

Notes
Turn   | Place    | Note
-------+----------+-------------------------------------------
     0 | D:1      | Kazon the Demonspawn Monk began the quest for the Orb.
     0 | D:1      | Reached XP level 1. HP: 18/18 MP: 1/1
    35 | D:1      | Identified a scroll of acquirement
    35 | D:1      | Acquired the ring of Fatuw {Wiz *Slow rN+++ rCorr Stlth+}
    76 | D:1      | Gained mutation: You have a pair of small antennae on your
                  | head. [demonic ancestry]
    76 | D:1      | Reached XP level 2. HP: 19/24 MP: 2/2
   509 | D:1      | Gained mutation: You are partially covered in rugged brown
                  | scales. (AC +1, +3% HP) [demonic ancestry]
   509 | D:1      | Reached XP level 3. HP: 23/29 MP: 3/3
   997 | D:2      | Reached skill level 1 in Stealth
  1094 | D:2      | Reached XP level 4. HP: 36/36 MP: 4/4
  1756 | D:3      | Found a blossoming altar of Fedhas.
  1780 | D:3      | Reached skill level 1 in Throwing
  1890 | D:3      | Identified the +2 sling "Qeuhanocyt" {speed, rElec Str-3
                  | Dex+2}
  1909 | D:3      | Found a faded altar of an unknown god.
  2044 | D:3      | Found a stormy altar of Qazlal.
  2145 | D:4      | Found a staircase to the Ecumenical Temple.
  2153 | Temple   | Entered the Ecumenical Temple
  2167 | Temple   | Became a worshipper of Warmaster Okawaru
  2167 | Temple   | Reached * piety under Okawaru
  2167 | Temple   | Reached ** piety under Okawaru
  2297 | D:4      | Noticed Sigmund
  2312 | D:4      | Killed Sigmund
  2313 | D:4      | Reached skill level 1 in Shields
  2313 | D:4      | Reached skill level 1 in Spellcasting
  2313 | D:4      | Reached skill level 1 in Invocations
  2313 | D:4      | Gained mutation: You regenerate a little health from kills.
                  | [demonic ancestry]
  2313 | D:4      | Reached XP level 5. HP: 10/42 MP: 4/6
  2313 | D:4      | Gained mutation: You have a pair of antennae on your head.
                  | [demonic ancestry]
  2313 | D:4      | Reached XP level 6. HP: 11/48 MP: 4/7
  2486 | D:4      | Reached skill level 1 in Short Blades
  2748 | D:4      | Found a hazy altar of Hepliaklqana.
  2771 | D:4      | HP: 2/48 [black bear (4)]
  2776 | D:4      | Slain by a black bear

Illustrated notes

Levels and vault maps discovered:
D:1:      ebering_trefoil_3fold, layout_basic, st_stairs_14, serial_bayou_ford_a
D:2:      layout_basic, hangedman_decor_growths, minmay_close_crescents
D:3:      layout_rooms, mainiacjoe_overflow_concentric_impassable,
          mainiacjoe_overflow_paths, shapermc_ecumenical_altar_acropolis,
          chequers_serial_rivers_micro_b
D:4:      layout_basic, riverfiend_overflow_shadow_ancestor,
          minmay_temple_entry_glass, uniq_sigmund
Temple:   nicolae_temple_elliptical

Skill      XL: |  1  2  3  4  5  6 |
---------------+-------------------+-----
Dodging        | 3 |  3.6
Axes           | 3 |  3.7
Stealth        | 1 |  1.5
Throwing       | 1 |  1.8
Shields        | 1 |  1.6
Spellcasting   | 1 |  1.5
Invocations    | 1 |  1.8
Short Blades   | 1 |  1.1
Fighting       | |  3.6

Action                     |  1- 3 |  4- 6 || total
---------------------------+-------+-------++-------
  Melee: Hand axe          |   121 |    68 ||   189
         Dagger            |     1 |   144 ||   145
  Throw: Stone             |       |     4 ||     4
    Use: Scroll            |     2 |       ||     2
   Stab: Sleeping          |     8 |    10 ||    18
 Armour: Robe              |    27 |    38 ||    65
  Dodge: Dodged            |    46 |    78 ||   124
  Block: Tower shield      |    47 |   145 ||   192
